 Dungeon Crawl Stone Soup version 0.29-a0-297-g7659ce593d (webtiles) character file.

Game seed: 12777959720661515347

71 Ajdolov the Slasher (level 4, -1/33 HPs)
             Began as a Merfolk Gladiator on Mar 20, 2022.
             Slain by an orc
             ... wielding a +0 war axe
              (3 damage)
             ... on level 3 of the Dungeon.
             The game lasted 00:02:49 (1744 turns).

Ajdolov the Slasher (Merfolk Gladiator)             Turns: 1744, Time: 00:02:49

Health: -1/33      AC:  8    Str: 14    XL:     4   Next: 24%
Magic:  4/4        EV: 12    Int:  7    God:
Gold:   154        SH:  0    Dex: 17    Spells: 3/3 levels left

rFire   + . .      SeeInvis .   a - +0 long sword
rCold   + . .      Faith    .   (no shield)
rNeg    . . .      Spirit   .   y - +0 ring mail
rPois   +          Reflect  .   c - +0 helmet
rElec   +          Harm     .   h - +0 cloak
rCorr   +          Rampage  .   (no gloves)
Will    .....                   w - +0 pair of boots
Stlth   +.........              (no amulet)
HPRegen 0.11/turn               (no ring)
MPRegen 0.09/turn               (no ring)

@: resistant
A: (nimble swimmer 2), mertail
a: no special abilities


You were on level 3 of the Dungeon.
You visited 1 branch of the dungeon, and saw 3 of its levels.

You collected 154 gold pieces.

Inventory:

Hand Weapons
 a - a +0 long sword (weapon)
Missiles
 d - 3 throwing nets (quivered)
 e - a javelin
Armour
 c - a +0 helmet (worn)
 h - a +0 cloak (worn)
 w - a +0 pair of boots (worn)
 y - a +0 ring mail (worn)
Jewellery
 r - a ring of magical power
Scrolls
 g - a scroll of enchant armour {unknown}
 j - a scroll of fear {unknown}
 k - a scroll of teleportation {unknown}
 m - 2 scrolls of fog {unknown}
 n - a scroll of immolation {unknown}
 o - a scroll of identify {unknown}
 p - a scroll of enchant weapon {unknown}
 s - a scroll of blinking {unknown}
Potions
 f - a potion of might {unknown}
 i - 3 potions of heal wounds {unknown}
 l - 2 potions of resistance
 q - a potion of invisibility {unknown}
 t - a potion of curing {unknown}
 u - a potion of brilliance {unknown}
 v - a potion of attraction {unknown}
 x - a potion of flight {unknown}


   Skills:
 - Level 2.1 Fighting
 * Level 6.0 Long Blades
 - Level 2.0 Throwing
 - Level 4.0 Dodging


You had 3 spell levels left.
You didn't know any spells.
Your spell library contained the following spells:

 Spells                   Type           Power      Damage    Failure   Level
 Magic Dart               Conj           0%         1d3       67%         1
 Searing Ray              Conj           0%         2d4       82%         2
 Fulminant Prism          Conj/Hex       0%         3d6       100%        4


Dungeon Overview and Level Annotations

Branches:
Dungeon (3/15)

Altars:

Shops:
D:2 [


Innate Abilities, Weirdness & Mutations

((You are very nimble when in or above water. (Stealth+, EV+, Speed+++)))
Your lower body shifts to a powerful aquatic tail in water.


Message History

The orc hits you with a +0 club.
Okay, then.
You slash the orc!
You kill the orc!
You hear some strange, mumbled words.
A puff of flame appears from out of thin air!
The puff of flame hits you!
Your Long Blades skill increases to level 6!
You slash the orc!
You kill the orc!
You hear some strange, mumbled words.
You are confused.
Something hits you but does no damage. The orc barely misses you.
Items here: )) [[.
You barely miss something.
You hear some strange, mumbled words.
A puff of flame appears from out of thin air!
The puff of flame misses you. The orc hits you with a +0 war axe.
* * * LOW HITPOINT WARNING * * *
The orc barely misses you. Something hits you but does no damage.
You completely miss something. Something hits you but does no damage.
The orc hits you but does no damage.
Unknown command.
You hit something.
You hear some strange, mumbled words.
A magic dart appears from out of thin air!
The magic dart hits you.
* * * LOW HITPOINT WARNING * * *
The orc hits you with a +0 war axe.
* * * LOW HITPOINT WARNING * * *
You closely miss something. Your punch misses something.
You feel less confused. Something hits you but does no damage.
The orc barely misses you.
Okay, then.
It was a potion of resistance.
You feel protected.
You hear some strange, mumbled words.
Something tries to affect you, but you resist.
The orc hits you with a +0 war axe.
You die...

#....# #.##.#.# .# #. #.##.#
##.##.#.# .# #.
#.##.####.#.#.#.####.## #.
#.#.^.##.###..........# #.
#.......## ##..#####..#####
#.
##.#...##.###...#.......o...
#.
##.#.#......#....#.###..#####
#. #.###.#.####....{o......#
#. .## ##(.# ###.#@#.###..#
#. #.###.### #.#.#.# #..# #.
...#.## #.#.#.###..# #.
###.## #..........######### #
### ###.#............... #
#.##...#.###.#.### # #.###.
#.##.###... #
#......#<###.#.### #
####.............#


You could see an orc.

Vanquished Creatures
  2 adders
  2 dart slugs (D:1)
  3 orcs (D:3)
  4 endoplasms
  A giant cockroach (D:2)
  4 goblins
  2 hobgoblins (D:1)
  3 jackals (D:1)
  3 kobolds
  2 quokkas
  5 ball pythons
  7 bats
  5 frilled lizards
43 creatures vanquished.

Notes
Turn   | Place    | Note
-------+----------+-------------------------------------------
     0 | D:1      | Ajdolov the Merfolk Gladiator began the quest for the Orb.
     0 | D:1      | Reached XP level 1. HP: 16/16 MP: 1/1
    71 | D:1      | Reached skill level 4 in Long Blades
   314 | D:1      | Reached XP level 2. HP: 20/22 MP: 2/2
   540 | D:1      | Reached skill level 5 in Long Blades
   540 | D:1      | Reached XP level 3. HP: 26/27 MP: 3/3
   755 | D:2      | Found Kajyett's Antique Armour Boutique.
  1152 | D:2      | Found a faded altar of an unknown god.
  1478 | D:3      | Reached XP level 4. HP: 33/33 MP: 4/4
  1738 | D:3      | Reached skill level 6 in Long Blades
  1744 | D:3      | Slain by an orc

Illustrated notes

Levels and vault maps discovered:
D:1:      erik_arrival_triangle_medium, layout_rooms, minmay_fountain_box,
          minmay_misc_feat_pillars
D:2:      layout_rooms, shapermc_ecumenical_altar_pompeii, serial_shops,
          nicolae_shop_crystal, minmay_liquid_box,
          chequers_serial_rivers_room_a, glass_columns_a
D:3:      layout_loops_ring, kennysheep_small_spiral, minmay_cupped

Skill      XL: |  1  2  3  4 |
---------------+-------------+-----
Long Blades    | 4 5 6 |  6.0
Fighting       | |  2.1
Throwing       | |  2.0
Dodging        | |  4.0

Action                   |  1- 3 |  4- 6 || total
-------------------------+-------+-------++-------
Melee: Long sword        |   103 |    22 ||   125
  Use: Potion            |       |     1 ||     1
 Stab: Sleeping          |     3 |       ||     3
Armor: Leather armour    |    29 |       ||    29
       Ring mail         |       |     6 ||     6
Dodge: Dodged            |   105 |    16 ||   121

Table legend: (Time is in decaauts)
 A = Elapsed time spent in this place.
 B = Non-inter-level travel time spent in this place.
 C = Inter-level travel time spent in this place.
 D = Time resting spent in this place.
 E = Time spent auto-exploring this place.
 F = Levels seen in this place.
 G = Mean time per level.
                   A        B        C        D        E       F      G
               +--------+--------+--------+--------+--------+-----+--------+
         Total |   1760 |   1695 |     65 |    271 |   1046 |   3 |  586.7 |
       Dungeon |   1760 |   1695 |     65 |    271 |   1046 |   3 |  586.7 |
               +--------+--------+--------+--------+--------+-----+--------+

Top non-repeatable levels by time:
     D:1: 764 daAuts
     D:2: 517 daAuts
     D:3: 479 daAuts
